 Seeded DCSS version 0.27.1-37-g7b29ead8ac (webtiles) character file.

Game seed: 4581088978801968933 (custom seed)

19 cbfl8 the Chopper (level 2, -1/25 HPs)
             Began as a Minotaur Gladiator on June 2, 2023.
             Succumbed to a kobold's poison
             ... on level 1 of the Dungeon.
             The game lasted 00:00:19 (697 turns).

cbfl8 the Chopper (Minotaur Gladiator)               Turns: 697, Time: 00:00:19

Health: -1/25      AC:  3    Str: 18    XL:     2   Next: 55%
Magic:  1/1        EV: 12    Int:  5    God:
Gold:   28         SH:  0    Dex: 11    Spells: 1/1 levels left

rFire    . . .     SeeInvis .   a - +0 war axe
rCold    . . .     Faith    .   (no shield)
rNeg     . . .     Spirit   .   b - +0 leather armour
rPois    .         Reflect  .   c - +0 hat
rElec    .         Harm     .   (no cloak)
rCorr    .         Rampage  .   (no gloves)
Will     .....                  (no boots)
Stlth    +.........             (no amulet)
HPRegen  0.08/turn              (no ring)
MPRegen  0.07/turn              (no ring)

@: lethally poisoned (-1 -> -11)
A: horns 2, retaliatory headbutt
a: no special abilities


You were on level 1 of the Dungeon.
You visited 1 branch of the dungeon, and saw 1 of its levels.

You collected 28 gold pieces.

Inventory:

Hand Weapons
 a - a +0 war axe (weapon)
Missiles
 d - 3 throwing nets (quivered)
Armour
 b - a +0 leather armour (worn)
 c - a +0 hat (worn)
Jewellery
 f - a +6 ring of intelligence
Potions
 e - a potion of curing {unknown}


   Skills:
 + Level 2.7 Fighting
 + Level 4.2 Axes
 + Level 2.2 Throwing
 + Level 3.5 Dodging


You had one spell level left.
You didn't know any spells.
Your spell library was empty.

Dungeon Overview and Level Annotations

Branches:
Dungeon (1/15)

Altars:


Innate Abilities, Weirdness & Mutations

You have a pair of horns on your head.
You reflexively headbutt those who attack you in melee.


Message History

The hobgoblin closely misses you. You furiously retaliate!
You headbutt the hobgoblin!
You kill the hobgoblin!
A kobold comes into view.
It is wielding a +2 short sword of venom.
A kobold is nearby!
A kobold is nearby!
The kobold hits you with a +2 short sword of venom.
A kobold is nearby!
You closely miss the kobold.
You headbutt the kobold, but do no damage.
The kobold hits you with a +2 short sword of venom.
You are poisoned.
A kobold is nearby!
You hit the kobold.
The kobold is severely wounded.
You feel very sick. The kobold misses you.
A kobold is nearby!
You are too injured to fight recklessly!
A kobold is nearby!
You are too injured to fight recklessly!
A kobold is nearby!
You are too injured to fight recklessly!
You barely miss the kobold.
The kobold is severely wounded.
You feel very sick. The kobold barely misses you.
The kobold hits you with a +2 short sword of venom.
* * * LOW HITPOINT WARNING * * *
You are more poisoned.
You closely miss the kobold. You headbutt the kobold.
You kill the kobold!
* * * LOW HITPOINT WARNING * * *
You feel very sick.
* * * LOW HITPOINT WARNING * * *
You feel very sick.
Things that are here:
a +2 short sword of venom; a kobold corpse Unknown command.
You die...

.......#....# #.
###########.#....# #.
+...........#....# #.
######......#....# #.
#.####.#....#####. #.#
#.#..........
#.####.###########
+...........#
#@####....#.#
#)...#....#.##..
.......###.#....#.##.###
....... #....#.##....
....... #....#.##..#
....... #.####.....#
....... #.# #.....#
....... #.# #.....##
###+#.. #.# #.....##


There were no monsters in sight!

Vanquished Creatures
  A dart slug (D:1)
  A ball python (D:1)
  A bat (D:1)
  3 endoplasms (D:1)
  2 giant cockroaches (D:1)
  A hobgoblin (D:1)
  A quokka (D:1)
  2 goblins (D:1)
  2 kobolds (D:1)
  A rat (D:1)
15 creatures vanquished.

Notes
Turn   | Place    | Note
-------+----------+-------------------------------------------
     0 | D:1      | cbfl8 the Minotaur Gladiator began the quest for the Orb.
     0 | D:1      | Reached XP level 1. HP: 18/18 MP: 0/0
   208 | D:1      | Found a faded altar of an unknown god.
   212 | D:1      | Reached skill level 4 in Axes
   212 | D:1      | Reached XP level 2. HP: 24/25 MP: 1/1
   696 | D:1      | HP: 1/25 [poisoned by a kobold]
   697 | D:1      | Succumbed to a kobold's poison

Illustrated notes

Levels and vault maps discovered:
D:1:      lightli_arrival_lavapool, layout_basic, ebering_ecumenical_altar_ruins

Skill      XL: |  1 |
---------------+----+-----
Axes           | 4 |  4.2
Fighting       | |  2.7
Throwing       | |  2.2
Dodging        | |  3.5

Action                   || total
-------------------------++-------
Melee: War axe           ||    28
       Headbutt          ||     6
Armor: Leather armour    ||    11
Dodge: Dodged            ||    16
